 Dungeon Sprint DCSS version 0.28-a0-224-g76b539d98b (webtiles) character file.

Game seed: 8794478841090447251

133 tbh1313 the Covert (level 5, -1/42 HPs)
             Began as a Gnoll Wanderer on Aug 22, 2021.
             Slain by an iron imp (6 damage)
             ... summoned by a kobold demonologist
             ... in the Dungeon (Sprint III: "The Ten Rune Challenge").
             The game lasted 00:02:06 (633 turns).

tbh1313 the Covert (Gnoll Wanderer)                  Turns: 633, Time: 00:02:06

Health: -1/42      AC: -9    Str: 14    XL:     5   Next: 16%
Magic:  13/13      EV: 12    Int: 11    God:
Gold:   36         SH:  4    Dex: 10    Spells: 16/16 levels left

rFire   . . .      SeeInvis .   f - +0 dagger
rCold   . . .      Faith    .   (no shield)
rNeg    . . .      Spirit   .   d - +0 robe
rPois   .          Reflect  .   (helmet restricted)
rElec   .          Harm     .   (no cloak)
rCorr   .          Rampage  .   (no gloves)
Will    .....      NoTele   +   (no boots)
Stlth   ++++......              (no amulet)
HPRegen 0.14/turn               (no ring)
MPRegen 0.13/turn               (no ring)

@: corroded
A: fangs 1, strong nose, distributed training, antennae 1, large bone plates 1,
sturdy frame 1
a: no special abilities


You were in the Dungeon.
You visited 1 branch You collected 36 gold pieces.

Inventory:

Hand Weapons
 a - a +0 club
 f - a +0 dagger (weapon)
Armour
 d - a +0 robe (worn)
Scrolls
 e - 2 scrolls of blinking
 g - a scroll of torment {unknown}
 j - 3 scrolls of identify
 l - a scroll of immolation {unknown}
 m - a scroll of fear {unknown}
Potions
 c - 2 potions of curing
 h - a potion of haste
 i - 2 potions of magic
 n - 2 potions of flight
 o - 3 potions of mutation


   Skills:
 + Level 4.2 Fighting
 + Level 3.2 Short Blades
 + Level 3.2 Long Blades
 + Level 3.2 Axes
 + Level 3.2 Maces & Flails
 + Level 3.2 Polearms
 + Level 3.2 Staves
 + Level 3.2 Slings
 + Level 3.2 Bows
 + Level 3.2 Crossbows
 + Level 3.2 Throwing
 + Level 3.2 Armour
 + Level 3.2 Dodging
 + Level 8.5 Stealth
 + Level 4.2 Shields
 + Level 4.2 Unarmed Combat
 + Level 6.0 Spellcasting
 + Level 2.6 Conjurations
 + Level 2.6 Hexes
 + Level 2.6 Summonings
 + Level 3.4 Necromancy
 + Level 2.6 Translocations
 + Level 2.6 Transmutations
 + Level 2.6 Fire Magic
 + Level 2.6 Ice Magic
 + Level 2.6 Air Magic
 + Level 2.6 Earth Magic
 + Level 2.6 Poison Magic
 + Level 3.6 Invocations
 + Level 3.2 Evocations


You had 16 spell levels left.
You didn't know any spells.
Your spell library was empty.

Dungeon Overview and Level Annotations

Branches:
Dungeon (1/1)

Altars:
Kikubaaqudgha
Sif Muna
Vehumet


Innate Abilities, Weirdness & Mutations

You have very sharp teeth.
Your uncanny sense of smell can sniff out nearby items.
Your experience applies equally to all skills.
You have a pair of small antennae on your head.
You are partially covered in large bone plates. (SH +4)
Your movements are slightly less encumbered by armour. (ER -2)


Message History

You block the rust devil's attack.
The crimson imp blinks!
You hit the kobold demonologist but do no damage.
The kobold demonologist is moderately wounded.
You block the kobold demonologist's attack.
The shadow imp grins evilly.
The shadow imp hits you. The rust devil hits you. The rust devil corrodes you!
The iron imp barely misses you.
You hit the kobold demonologist but do no damage.
The kobold demonologist is moderately wounded.
The kobold demonologist begins to cast a cantrip, but forgets the words!
You block the rust devil's attack. The shadow imp barely misses you.
You hit the kobold demonologist but do no damage.
The kobold demonologist is moderately wounded.
The iron imp closely misses you.
The kobold demonologist hits you with a +0 dagger.
The rust devil closely misses you. The shadow imp hits you.
* * * LOW HITPOINT WARNING * * *
You feel much better. The iron imp hits you.
You block the kobold demonologist's attack.
The shadow imp hits you. The rust devil closely misses you.
You hit the kobold demonologist but do no damage.
You punch the kobold demonologist, but do no damage.
Your bite misses the kobold demonologist.
The kobold demonologist is moderately wounded.
The iron imp puffs mist at you. The iron imp hits you.
The kobold demonologist looks satisfied for a moment.
You closely miss the kobold demonologist.
The kobold demonologist is moderately wounded.
The shadow imp hits you. The rust devil hits you!
* * * LOW HITPOINT WARNING * * *
The rust devil corrodes you!
The kobold demonologist hits you with a +0 dagger.
* * * LOW HITPOINT WARNING * * *
You feel better.
The shadow imp disappears in a puff of smoke!
The rust devil hits you!
* * * LOW HITPOINT WARNING * * *
The rust devil corrodes you! The iron imp hits you.
You die...

###.....♣♣ ♣..#{ ∆ ∆
..#....≈.♣♣♣♣.###+#+###+#
..#...≈≈..♣♣..#..........
[.#..≈≈≈≈♣.♣..'.⌠........
#'#..≈≈≈≈≈≈♣..#...######
.)#.≈≈≈≈≈≈....#.⌠.#
..#.≈≈≈≈≈.....#.{.#∆
..#.≈≈≈.......#4###
###...........#.@K#
..............#§_5#
▓▓▓▓▓▓▓▓▓▓▓▓▓▓▓▓▓▓▓ ∆


You could see a rust devil (summoned), a kobold demonologist and an iron imp
(summoned).

Levels and vault maps discovered:
D:        dungeon_sprint_mu [sprint_mu_entry_forest, sprint_mu_temple_rooms,
          sprint_mu_d1_horrors, sprint_mu_d2_genie, sprint_mu_d3_branching,
          sprint_mu_orc_legion, sprint_mu_elf_gauntlet, sprint_mu_hive_nellie,
          sprint_mu_lair_fedhas, sprint_mu_vaults_butterflies,
          sprint_mu_slime_circle, sprint_mu_swamp_cave, sprint_mu_snake_twists,
          sprint_mu_blade_basic, sprint_mu_crypt_lich, sprint_mu_tomb_spiral,
          sprint_mu_vestibule_basic, sprint_mu_gehenna_hellfire,
          sprint_mu_dis_giant, sprint_mu_tartarus_statrot,
          sprint_mu_cocytus_islands, sprint_mu_zot1]

Notes
Turn   | Place    | Note
-------+----------+-------------------------------------------
     0 | D        | tbh1313 the Gnoll Wanderer began the quest for the Orb.
     0 | D        | tbh1313 set off with the following items: a +0 club, 2
                  | potions of berserk rage, 3 potions of curing, a +0 robe, 2
                  | scrolls of blinking, a +0 dagger, a potion of heal wounds,
                  | a potion of haste, 2 potions of magic
     0 | D        | Reached XP level 1. HP: 17/17 MP: 6/6
    63 | D        | Noticed Jessica
    75 | D        | Killed Jessica
    76 | D        | Reached skill level 1 in Short Blades
    76 | D        | Reached skill level 1 in Long Blades
    76 | D        | Reached skill level 1 in Axes
    76 | D        | Reached skill level 1 in Maces & Flails
    76 | D        | Reached skill level 1 in Polearms
    76 | D        | Reached skill level 1 in Staves
    76 | D        | Reached skill level 1 in Slings
    76 | D        | Reached skill level 1 in Bows
    76 | D        | Reached skill level 1 in Crossbows
    76 | D        | Reached skill level 1 in Throwing
    76 | D        | Reached skill level 1 in Armour
    76 | D        | Reached skill level 1 in Dodging
    76 | D        | Reached skill level 8 in Stealth
    76 | D        | Reached skill level 5 in Spellcasting
    76 | D        | Reached skill level 1 in Conjurations
    76 | D        | Reached skill level 1 in Hexes
    76 | D        | Reached skill level 1 in Summonings
    76 | D        | Reached skill level 1 in Translocations
    76 | D        | Reached skill level 1 in Transmutations
    76 | D        | Reached skill level 1 in Fire Magic
    76 | D        | Reached skill level 1 in Ice Magic
    76 | D        | Reached skill level 1 in Air Magic
    76 | D        | Reached skill level 1 in Earth Magic
    76 | D        | Reached skill level 1 in Poison Magic
    76 | D        | Reached skill level 1 in Evocations
    76 | D        | Reached XP level 2. HP: 5/24 MP: 8/8
    76 | D        | Reached XP level 3. HP: 7/29 MP: 9/9
   379 | D        | Gained mutation: Your system is resistant to poisons.
                  | (rPois) [potion of mutation]
   379 | D        | Gained mutation: Your spells are a little harder to cast,
                  | but a little more powerful. [potion of mutation]
   379 | D        | Gained mutation: You have a pair of small antennae on your
                  | head. [potion of mutation]
   380 | D        | Lost mutation: Your system is resistant to poisons. (rPois)
                  | [potion of mutation]
   380 | D        | Lost mutation: Your spells are a little harder to cast, but
                  | a little more powerful. [potion of mutation]
   380 | D        | Gained mutation: Your movements are slightly less
                  | encumbered by armour. (ER -2) [potion of mutation]
   380 | D        | Gained mutation: You are partially covered in large bone
                  | plates. (SH +4) [potion of mutation]
   596 | D        | Noticed a water elemental
   602 | D        | Killed a water elemental
   603 | D        | Reached XP level 4. HP: 37/37 MP: 11/11
   607 | D        | Found a radiant altar of Vehumet.
   607 | D        | Found a shimmering blue altar of Sif Muna.
   607 | D        | Found an ancient bone altar of Kikubaaqudgha.
   607 | D        | Noticed a wizard
   609 | D        | Killed a wizard
   610 | D        | Reached XP level 5. HP: 42/42 MP: 11/13
   624 | D        | Noticed a rust devil
   632 | D        | HP: 2/42 [kobold demonologist (4)]
   633 | D        | Slain by an iron imp

Table legend: (Time is in decaauts)
 A = Elapsed time spent in this place.
 B = Non-inter-level travel time spent in this place.
 C = Inter-level travel time spent in this place.
 D = Time resting spent in this place.
 E = Time spent auto-exploring this place.
 F = Levels seen in this place.
 G = Mean time per level.
                   A        B        C        D        E       F      G
               +--------+--------+--------+--------+--------+-----+--------+
         Total |    656 |    656 |      0 |    439 |     71 |   1 |  656.0 |
       Dungeon |    656 |    656 |      0 |    439 |     71 |   1 |  656.0 |
               +--------+--------+--------+--------+--------+-----+--------+

Top non-repeatable levels by time:
       D: 656 daAuts

Table legend:
 A = Kills in this place as a percentage of kills in entire the game.
 B = Kills by you in this place as a percentage of kills by you in the entire game.
 C = Kills by friends in this place as a percentage of kills by friends in the entire game.
 D = Other kills in this place as a percentage of other kills in the entire game.
 E = Experience gained in this place as a percentage of experience gained in the entire game.
 F = Experience gained in this place divided by the number of levels of this place that you have seen.
                   A       B       C       D       E      F
               +-------+-------+-------+-------+-------+----------------------
         Total | 100.0 | 100.0 |   N/A |   N/A | 100.0 | 191.0
       Dungeon | 100.0 | 100.0 |   N/A |   N/A | 100.0 | 191.0
               +-------+-------+-------+-------+-------+----------------------

Action                   |  1- 3 |  4- 6 || total
-------------------------+-------+-------++-------
Melee: Dagger            |    35 |    22 ||    57
       Club              |     6 |       ||     6
       Bite              |     2 |       ||     2
       Punch             |       |     1 ||     1
  Use: Potion            |     5 |     2 ||     7
 Stab: Sleeping          |     3 |     1 ||     4
Armor: Robe              |     3 |       ||     3
Dodge: Dodged            |    18 |    21 ||    39
Block: Other             |     3 |     7 ||    10

Vanquished Creatures
  A water elemental (D)
  A wizard (D)
  Jessica (D)
  A human (D)
  A phantom (D)
  An endoplasm (D)
  2 rats (D)
8 creatures vanquished.

Vanquished Creatures (others)
  2 plants (D)
2 creatures vanquished.

Grand Total: 10 creatures vanquished
